 Dungeon Crawl Stone Soup version 0.24.1-8-ga250c9d538 (webtiles) character file.

Game seed: 17522338340132675246, levelgen mode: deterministic

51 Peloso the Skirmisher (level 3, -2/31 (33) HPs)
             Began as a Ghoul Fighter on May 3, 2020.
             Slain by a quokka (3 damage)
             ... on level 2 of the Dungeon.
             The game lasted 00:01:45 (1011 turns).

Peloso the Skirmisher (Ghoul Fighter)               Turns: 1011, Time: 00:01:45

HP:   -2/31 (33)    AC:  6    Str: 24    XL:     3   Next: 83%
MP:   2/2           EV:  7    Int:  3    God:
Gold: 67            SH:  9    Dex:  9    Spells: 2/2 levels left

rFire    . . .     SeeInvis .   a - +0 long sword
rCold    + . .     Gourm    .   c - +0 shield
rNeg     + + +     Faith    .   b - +0 scale mail
rPois    ∞         Spirit   .   (no helmet)
rElec    .         Reflect  .   (no cloak)
rCorr    .         Harm     .   (no gloves)
MR       .....                  (no boots)
Stlth    ..........             (no amulet)
HPRegen  0.00/turn              (no ring)
MPRegen  0.08/turn              (no ring)

@: mighty, rotting
A: rotting body, claws 1, carnivore, cold resistance 1, negative energy
resistance 3, inhibited regeneration, torment resistance, unbreathing
a: no special abilities


You were on level 2 of the Dungeon.
You were hungry.

You visited 1 branch of the dungeon, and saw 2 of its levels.

You collected 67 gold pieces.

Inventory:

Hand Weapons
 a - a +0 long sword (weapon)
Armour
 b - a +0 scale mail (worn)
 c - a +0 shield (worn)
Scrolls
 e - 3 scrolls of identify {unknown}
 h - a scroll of blinking {unknown}
 i - a scroll of teleportation {unknown}
Potions
 d - a potion of might
Comestibles
 f - 6 rations


   Skills:
 + Level 3.8 Fighting
 + Level 2.5 Long Blades
 + Level 3.0 Armour
 + Level 0.4 Dodging
 + Level 3.0 Shields


You had 2 spell levels left.
You didn't know any spells.
Your spell library was empty.

Dungeon Overview and Level Annotations

Branches:
Dungeon (2/15)

Altars:
Cheibriados
Hepliaklqana
Uskayaw


Innate Abilities, Weirdness & Mutations

Your body is rotting away.
You thrive on raw meat.
You are immune to poison.
You have sharp fingernails.
You are carnivorous and can eat meat at any time.
Your flesh is cold resistant. (rC+)
You are immune to negative energy. (rN+++)
You do not regenerate when monsters are visible.
You are immune to unholy pain and torment.
You can survive without breathing.


Message History

The adder is severely wounded.
The adder completely misses you. The adder barely misses you.
Unknown command.
Your shield and scale mail prevent you from hitting the adder.
The adder is severely wounded.
You block the adder's attack. The adder bites you.
* * * LOW HITPOINT WARNING * * *
You slice the adder!!
You kill the adder!
Your Shields skill increases to level 3!
The frilled lizard hisses.
The frilled lizard bites you but does no damage.
You hit the frilled lizard.
You kill the frilled lizard!
Unknown command.
Unknown command.
You barely miss the quokka.
The quokka bites you but does no damage. x2
You barely miss the quokka. The quokka bites you.
You die...

############
#..........#
#.########.# #.# #@#
##.## #r# ##...## #.#
#####.....## #.#
#.....(......# #.#
#.###.....##.# #.#
>..........# #........≈≈
#.#####.##.....≈....≈l..
#.# #.##..[.(≈≈≈≈≈≈≈≈≈


You could see a quokka.

Vanquished Creatures
  2 adders (D:2)
  4 bats
  2 giant cockroaches (D:1)
  8 goblins
  4 hobgoblins
  3 jackals (D:1)
  2 frilled lizards
  2 kobolds (D:1)
  4 rats
31 creatures vanquished.

Notes
Turn   | Place    | Note
-------+----------+-------------------------------------------
     0 | D:1      | Peloso the Ghoul Fighter began the quest for the Orb.
     0 | D:1      | Reached XP level 1. HP: 19/19 MP: 0/0
   195 | D:1      | Reached XP level 2. HP: 20/25 MP: 1/1
   653 | D:1      | Reached XP level 3. HP: 30/32 MP: 2/2
   840 | D:2      | Found a hazy altar of Hepliaklqana.
   843 | D:2      | Found a hide-covered altar of Uskayaw.
   846 | D:2      | Found a snail-covered altar of Cheibriados.
   965 | D:2      | Found a faded altar of an unknown god.
  1007 | D:2      | HP: 1/31 [adder (1)]
  1011 | D:2      | Slain by a quokka

Levels and vault maps discovered:
D:1:      lightli_arrival_statuegarden, layout_loops_corners,
          minmay_misc_feat_chi
D:2:      layout_loops_ring, grunt_temple_overflow_diamond,
          chequers_ecumenical_altar_island

Skill      XL: |  1  2  3 |
---------------+----------+-----
Armour         | 3 |  3.0
Long Blades    | 2 |  2.5
Shields        | 3 |  3.0
Fighting       | |  3.8
Dodging        | |  0.4

Action                   || total
-------------------------++-------
Melee: Long sword        ||   132
  Use: Potion            ||     2
Armor: Scale mail        ||    80
Dodge: Dodged            ||    59
Block: Shield            ||    75
       Rpst.: Long sword ||    26
